 Dungeon Crawl Stone Soup version 0.30.1-11-g7821555f0a (webtiles) character file.

Game seed: 6936441491166291004

30 FakeRyeBread the Digger (level 3, 19/19 HPs)
             Began as a Gargoyle Earth Elementalist on Dec 4, 2023.
             Quit the game on level 2 of the Dungeon.
             The game lasted 00:05:46 (764 turns).

FakeRyeBread the Digger (GrEE)                       Turns: 764, Time: 00:05:46

Health: 19/19      AC:  5    Str: 11    XL:     3   Next: 18%
Magic:  6/6        EV: 11    Int: 17    God:
Gold:   82         SH:  0    Dex: 10    Spells: 5/6 levels left

rFire   . . .        e - +0 short sword
rCold   . . .        (no shield)
rNeg    + . .        a - +0 robe
rPois   ∞            (no helmet)
rElec   +            (no cloak)
rCorr   .            (no gloves)
SInv    .            (no boots)
Will    .....        (no amulet)
Stlth   ++           (no ring)
HPRegen 0.23/turn    (no ring)
MPRegen 0.10/turn

%: no passive effects
@: no status effects
A: sickness immunity, AC +3, negative energy resistance 1, electricity
resistance, torment resistance 1, petrification resistance
a: no special abilities


You were on level 2 of the Dungeon.
You visited 1 branch of the dungeon, and saw 2 of its levels.

You collected 82 gold pieces.

Inventory:

Hand Weapons
 e - a +0 short sword (weapon)
Missiles
 f - 33 stones
Armour
 a - a +0 robe (worn)
Scrolls
 d - 3 scrolls of fog {unknown}
 g - 2 scrolls of teleportation {unknown}
 i - a scroll of identify {unknown}
 j - a scroll of magic mapping {unknown}
Potions
 b - a potion of magic
 c - a potion of berserk rage {unknown}
 h - a potion of lignification {unknown}


   Skills:
 - Level 1.5 Dodging
 - Level 2.1 Stealth
 - Level 2.0 Spellcasting
 - Level 0.7 Transmutations
 + Level 5.1 Earth Magic


You had 5 spell levels left.
You knew the following spells:

 Your Spells              Type           Power      Damage    Failure   Level
a - Sandblast             Erth           38%        2d10      2%          1

Your spell library contained the following spells:

 Spells                   Type           Power      Damage    Failure   Level
 Passwall                 Tmut/Erth      9%         N/A       9%          2
 Stone Arrow              Conj/Erth      20%        3d8       21%         3
 Petrify                  Tmut/Erth      11%        N/A       50%         4


Dungeon Overview and Level Annotations

Branches:
Dungeon (2/15)

Altars:


Innate Abilities, Weirdness & Mutations

You are immune to sickness and miasma.
Your stone body is resilient. (AC +3)
You are immune to poison.
You resist negative energy. (rN+)
You are resistant to electric shocks. (rElec)
You are resistant to unholy torment.
You are immune to petrification.


Message History

Done exploring.
Done exploring.
There is a stone staircase leading down here.
You climb downwards.
Found a robe and 9 gold pieces.
There is a stone staircase leading up here.
You now have 80 gold pieces (gained 9).
A worm comes into view.
Found a gold piece.
Found a faded altar of an unknown god.
A ball python comes into view.
Aiming: Sandblast (safe; 2% risk of failure)
Press: ? - help, Q - select action, (/) - cycle Shift-Dir - straight line, f - ball python
Aim: a ball python (asleep, 100% to hit)
The blast of sand hits the ball python!
You kill the ball python!
Aiming: Sandblast (safe; 2% risk of failure)
Press: ? - help, Q - select action, (/) - cycle Shift-Dir - straight line, f - worm
Aim: a worm (94% to hit)
The blast of sand hits the worm!
The worm is heavily wounded.
Aiming: Sandblast (safe; 2% risk of failure)
Press: ? - help, Q - select action, (/) - cycle Shift-Dir - straight line, f/p - worm
Aim: a worm (heavily wounded, 94% to hit)
The blast of sand hits the worm.
The worm is severely wounded.
Aiming: Sandblast (safe; 2% risk of failure)
Press: ? - help, Q - select action, (/) - cycle Shift-Dir - straight line, f/p - worm
Aim: a worm (severely wounded, 94% to hit)
The blast of sand hits the worm.
You kill the worm!
You start resting.
Magic restored.
You enter the shallow water.
Moving in this stuff is going to be slow.
You now have 81 gold pieces (gained 1).
You now have 82 gold pieces (gained 1).
There is a faded altar of an unknown god here.
This altar belongs to (a) Ashenzari, (b) Zin or (c) Elyvilon, but you can't tell which.
Press the corresponding letter to learn more about a god, or press enter to convert or escape to cancel.
Okay, then.
Are you sure you want to abandon this character and quit the game? (Confirm with "yes".)

#.# ##. ..# ..
..#
##.##.#######
###...#........
.............
#...~~~.#
#..~@~.#
#..~~~.#
#......#
###......#
##...##.###
.........#
###.####.# #.#
#.# #.# #.#


There were no monsters in sight!

Vanquished Creatures
  A worm (D:2)
  5 ball pythons
  3 endoplasms (D:1)
  A giant cockroach (D:1)
  2 goblins (D:1)
  A hobgoblin (D:1)
  3 kobolds (D:1)
  4 bats (D:1)
  3 frilled lizards (D:1)
  3 rats (D:1)
26 creatures vanquished.

Notes
Turn   | Place    | Note
-------+----------+-------------------------------------------
     0 | D:1      | FakeRyeBread the Gargoyle Earth Elementalist began the
                  | quest for the Orb.
     0 | D:1      | Reached XP level 1. HP: 10/10 MP: 3/3
    34 | D:1      | Reached skill level 4 in Earth Magic
   142 | D:1      | Reached XP level 2. HP: 10/15 MP: 3/5
   511 | D:1      | Reached XP level 3. HP: 19/19 MP: 3/6
   543 | D:1      | Reached skill level 5 in Earth Magic
   717 | D:2      | Found a faded altar of an unknown god.
   764 | D:2      | Quit the game

Illustrated notes

Levels and vault maps discovered:
D:1:      dpeg_arrival_long_road, layout_rooms, minmay_misc_feat_hallway,
          minmay_domino_2
D:2:      layout_loops_ring, hellmonk_ecumenical_altar_pennies_from_heaven,
          minmay_cut_off

Skill      XL: |  1  2  3 |
---------------+----------+-----
Earth Magic    | 4 5 |  5.1
Dodging        | |  1.5
Stealth        | |  2.1
Spellcasting   | |  2.0
Transmutations | |  0.7

Action                     || total
---------------------------++-------
  Melee: Short sword       ||    30
         Punch             ||     1
   Cast: Sandblast         ||    28
 Armour: Robe              ||    33
  Dodge: Dodged            ||    37
